 Dungeon Crawl Stone Soup version 0.18-a0-952-g309898a (webtiles) character file.

1306 st0uf the Geomancer (level 8, -3/53 HPs)
             Began as a Formicid Earth Elementalist on Dec 30, 2015.
             Slain by Prince Ribbit (6 damage)
             ... on level 6 of the Dungeon.
             The game lasted 00:34:59 (6378 turns).

st0uf the Geomancer (Formicid Earth Elementalist)   Turns: 6378, Time: 00:34:59

Health: -3/53      AC:  4    Str: 13    XL:     8   Next: 88%
Magic:  1/18       EV: 17    Int: 14    God:    Xom [.*....]
Gold:   248        SH:  0    Dex: 11    Spells: 2 memorised, 17 levels left

rFire  . . .     SeeInvis +     b - 49 stones
rCold  . . .     Gourm    .     a - +0 robe
rNeg   . . .     Faith    .     (no shield)
rPois  .         Spirit   .     (helmet unavailable)
rElec  .         Dismiss  .     (no cloak)
rCorr  .         Reflect  .     k - +2 pair of gloves
SustAt .         Harm     .     w - -2 pair of boots (curse)
MR     .....                    (no amulet)
Stlth  ++........               q - +4 ring of evasion
                                j - -3 ring of intelligence (curse)

@: very slightly contaminated, not resistant to hostile enchantments, unstealthy
A: permanent stasis, dig shafts and tunnels, four strong arms, antennae 3
a: Dig, Shaft Self, Renounce Religion


You were on level 6 of the Dungeon.
You worshipped Xom.
You were a plaything of Xom.
You were hungry.

You visited 2 branches of the dungeon, and saw 7 of its levels.

You collected 248 gold pieces.

Inventory:

Hand Weapons
 y - a +0 dagger of chaos
Missiles
 b - 49 stones (in hand)
 h - a throwing net
Armour
 a - a +0 robe (worn)
 k - a +2 pair of gloves (worn)
 w - a cursed -2 pair of boots (worn)
Jewellery
 j - a cursed -3 ring of intelligence (left hand)
 q - a +4 ring of evasion (right hand)
Wands
 o - a wand of frost (15/48)
 p - a wand of frost (5/48)
Scrolls
 l - 5 scrolls of identify
 x - a scroll of remove curse {unknown}
Potions
 e - 3 potions of cancellation
 i - 2 potions of curing {unknown}
 m - a potion of agility {unknown}
 n - a potion of degeneration {unknown}
 r - a potion of ambrosia {unknown}
 s - a potion of berserk rage {unknown}
 t - 3 potions of heal wounds {unknown}
 u - a potion of mutation {unknown}
 v - a potion of poison {unknown}
Books
 c - a book of Geomancy

   Spells                             Type                      Level
   a - Sandblast                      Earth                        1
   b - Stoneskin                      Transmutation/Earth          2
   c - Passwall                       Transmutation/Earth          3
   d - Stone Arrow                    Conjuration/Earth            3
   e - Petrify                        Transmutation/Earth          4
   f - Lee's Rapid Deconstruction     Earth                        5
Comestibles
 d - 4 bread rations
 f - 7 meat rations
 g - a beef jerky


   Skills:
 + Level 0.7 Fighting
 + Level 3.5 Dodging
 + Level 3.0 Stealth
 + Level 7.2 Spellcasting
 + Level 1.1 Conjurations
   Level 1.1 Transmutations
 + Level 8.1 Earth Magic


You had 17 spell levels left.
You knew the following spells:

 Your Spells              Type           Power        Failure   Level  Hunger
a - Sandblast             Erth           ####..       1%          1    None
b - Stone Arrow           Conj/Erth      ###...       10%         3    ##.....


Dungeon Overview and Level Annotations

Branches:
Dungeon (6/15)             Temple (1/1) D:5

Altars:
Ashenzari
Cheibriados
Dithmenos
Elyvilon
Fedhas
Gozag
Makhleb
Nemelex Xobeh
Okawaru
Pakellas
Qazlal
Ru
Sif Muna
Trog
Vehumet
Xom
Yredelemnul
Zin

Shops:
D:5 (

Annotations:
D:1 1 runed door, exclusion: door
D:6 Prince Ribbit


Innate Abilities, Weirdness & Mutations

You are under a permanent stasis effect.
You can dig through walls and to a lower floor.
Your four strong arms can wield two-handed weapons with a shield.
You have a pair of large antennae on your head (SInv).


Message History

Aiming: Stone Arrow
Press: ? - help, Shift-Dir - straight line, f/p - Prince Ribbit
Aim: Prince Ribbit (heavily wounded, slightly transparent)
The stone arrow hits Prince Ribbit.
Prince Ribbit is almost dead.
You are feeling hungry.
Prince Ribbit casts a spell.
Prince Ribbit looks slightly unstable.
Xom is highly amused!
Wield which item (- for none, * to show all)? (? for menu, Esc to quit)
b - 50 stones (in hand) Prince Ribbit barely misses you.
Casting: Stone Arrow
Confirm with . or Enter, or press ? or * to list all spells.
Aiming: Sandblast
Press: ? - help, Shift-Dir - straight line, f/p - Prince Ribbit
Aim: Prince Ribbit (almost dead, slightly transparent) Prince Ribbit momentarily phases out as the rocky blast passes through him.
Prince Ribbit hits you.
You die...

#####
#...#########
#..F@)).....#
#...#######.#
##.## ####
##.# ....
##..# ####
##...##
##.....##
#.......#
##.....##
##+##


You could see Prince Ribbit (invisible).

Vanquished Creatures
  Sigmund (D:3)
  A sky beast (D:5)
  An ice beast (D:5)
  An ogre (D:4)
  An orc warrior (D:6)
  A water moccasin skeleton (D:4)
  2 scorpions
  A crimson imp (D:5)
  A centaur skeleton (D:5)
  A giant frog skeleton (D:4)
  3 orc priests (D:4)
  2 iguanas
  7 orc wizards
  A worker ant zombie (D:6)
  4 gnolls (D:2)
  7 adders
  2 oozes
  A worm (D:4)
  A giant gecko (D:1)
  20 orcs
  8 goblins
  6 hobgoblins
  2 jackals (D:5)
  9 kobolds
  3 quokkas
  A ball python (D:6)
  6 bats
  5 giant cockroaches
  A giant gecko skeleton (D:6)
  4 giant newts
  A jackal skeleton (D:5)
  9 rats
114 creatures vanquished.

Notes
Turn   | Place    | Note
--------------------------------------------------------------
     0 | D:1      | st0uf the Formicid Earth Elementalist began the quest for the Orb.
     0 | D:1      | Reached XP level 1. HP: 13/13 MP: 3/3
     1 | D:1      | Found a runed door.
     5 | D:1      | Noticed a jelly
   258 | D:1      | Reached XP level 2. HP: 19/19 MP: 1/5
   564 | D:1      | Reached skill level 4 in Earth Magic
   717 | D:2      | Reached XP level 3. HP: 24/24 MP: 2/6
  1341 | D:2      | Reached XP level 4. HP: 25/30 MP: 3/8
  1911 | D:3      | Found an opulent altar of Gozag.
  1925 | D:3      | Found a sacrificial altar of Ru.
  2260 | D:3      | Noticed Sigmund
  2669 | D:2      | Reached skill level 5 in Earth Magic
  2670 | D:2      | Reached XP level 5. HP: 22/35 MP: 3/10
  3946 | D:3      | Killed Sigmund
  3946 | D:3      | Reached XP level 6. HP: 23/41 MP: 3/13
  4096 | D:4      | Reached skill level 6 in Earth Magic
  4118 | D:4      | Reached XP level 7. HP: 30/46 MP: 0/14
  4189 | D:4      | Reached skill level 5 in Spellcasting
  4471 | D:4      | Learned a level 3 spell: Stone Arrow
  4803 | D:4      | Reached XP level 8. HP: 51/53 MP: 10/17
  4852 | D:4      | Reached skill level 7 in Earth Magic
  5326 | D:5      | Entered Level 5 of the Dungeon
  5429 | D:5      | Found Xateu's Weapon Shoppe.
  5794 | D:5      | Found a staircase to the Ecumenical Temple.
  5820 | Temple   | Entered the Ecumenical Temple
  5850 | Temple   | Became a worshipper of Xom of Chaos
  5898 | D:5      | XOM: harmless Ice miscast
  6121 | D:6      | Found an iron altar of Okawaru.
  6181 | D:6      | Reached skill level 1 in Conjurations
  6182 | D:6      | XOM: silly message
  6209 | D:6      | XOM: chaos upgrade
  6219 | D:6      | Reached skill level 8 in Earth Magic
  6360 | D:6      | Noticed Prince Ribbit
  6374 | D:6      | XOM: enchant monster (bad)
  6375 | D:6      | HP: 2/53 [Prince Ribbit (8)]
  6378 | D:6      | Slain by Prince Ribbit

Vault maps used:
D:1:      dpeg_arrival_caged_fury, hangedman_decor_points
D:3:      nicolae_gozag_cash_rules_everything_around_me,
          nicolae_ru_awakened_eye, uniq_sigmund
D:4:      first_bread
D:5:      minmay_temple_entry_trees, serial_shops, shop
D:6:      nicolae_overflow_hidden_temple, gammafunk_temple_overflow_statue,
          minmay_misc_feat_more_columns, minmay_crystal_water,
          uniq_prince_ribbit1, uniq_eustachio
Temple:   lightli_temple_of_artemis

Action                   |  1- 3 |  4- 6 |  7- 9 || total
-------------------------+-------+-------+-------++-------
Melee: Unarmed           |    13 |       |       ||    13
       Dagger            |       |       |     3 ||     3
 Cast: Sandblast         |    60 |   103 |   110 ||   273
       Stone Arrow       |       |       |    26 ||    26
 Abil: Dig               |       |     1 |     1 ||     2
  Use: Scroll            |       |     4 |     3 ||     7
  Eat: Chunk             |     2 |     9 |     7 ||    18
       Beef jerky        |       |       |     1 ||     1
